 Dungeon Crawl Stone Soup version 0.32-a0-656-g3542139ebd (webtiles) character file.

Game seed: 7650145051973214830

2461 Aldia the Basher (level 9, -5/97 HPs)
             Began as an Oni Warper on Mar 8, 2024.
             Was an Initiate of Gozag.
             Splashed by a jelly's acid (8 damage)
             ... on level 6 of the Dungeon.
             The game lasted 00:15:47 (6615 turns).

Aldia the Basher (Oni Warper)                       Turns: 6615, Time: 00:15:48

Health: -5/97      AC: -4    Str: 17    XL:     9   Next: 50%
Magic:  22/22      EV:  9    Int: 18    God:    Gozag
Gold:   453        SH:  0    Dex:  8    Spells: 3/14 levels left

rFire   . . .        v - +4 dire flail (heavy)
rCold   . . .        (shield currently unavailable)
rNeg    . . .        b - +0 robe
rPois   .            u - +0 hat
rElec   .            f - +0 cloak
rCorr   .            (gloves unavailable)
SInv    +            (boots unavailable)
Will    .....        (no amulet)
Stlth   +            y - ring of magical power
HPRegen 0.36/turn    A - ring of see invisible
MPRegen 0.18/turn

%: no passive effects
@: about to teleport, corroded, gold aura
A: large, unfitting armour, horns 1, tough skin 1, double potion healing,
drunken brawling
a: Renounce Religion, Potion Petition, Call Merchant, Bribe Branch


You were on level 6 of the Dungeon.
You worshipped Gozag.
Gozag was aware of your devotion.
You visited 2 branches of the dungeon, and saw 7 of its levels.

You collected 551 gold pieces.
You paid 98 gold pieces to Gozag.

Inventory:

Hand Weapons
 a - a +0 mace
 i - a +0 whip of venom
 k - a +0 giant club
 l - a +0 flail
 v - a +4 heavy dire flail (weapon)
Missiles
 d - 7 darts of dispersal (quivered)
 g - 4 large rocks
 B - 7 poisoned darts
 C - 2 curare-tipped darts
Armour
 b - a +0 robe (worn)
 f - a +0 cloak (worn)
 j - an orb of light
 u - a +0 hat (worn)
Jewellery
 y - a ring of magical power (left hand)
 A - a ring of see invisible (right hand)
Wands
 o - a wand of flame (25)
Scrolls
 c - a scroll of blinking
 h - 4 scrolls of immolation
 m - a scroll of revelation {unknown}
 n - a scroll of acquirement {unknown}
 p - a scroll of teleportation
 q - a scroll of noise
 r - a scroll of fog {unknown}
 s - a scroll of silence {unknown}
 t - a scroll of butterflies {unknown}
 z - a scroll of fear {unknown}
 E - a scroll of vulnerability {unknown}
Potions
 e - 2 potions of heal wounds
 w - a potion of berserk rage
 x - a potion of might {unknown}
 D - a potion of ambrosia {unknown}
 F - a potion of resistance {unknown}


   Skills:
 + Level 8.7 Fighting
 * Level 9.2 Maces & Flails
 - Level 1.0 Throwing
 - Level 2.1 Dodging
 - Level 3.0 Spellcasting
 + Level 6.0 Translocations


You had 3 spell levels left.
You knew the following spells:

 Your Spells              Type           Power      Damage    Failure   Level
a - Blink                 Tloc           48%        N/A       1%          2
b - Lesser Beckoning      Tloc           48%        N/A       1%          2
c - Teleport Other        Tloc           24%        N/A       4%          3
d - Manifold Assault      Tloc           24%        N/A       14%         4

Your spell library contained the following spells:

 Spells                   Type           Power      Damage    Failure   Level
 Vhi's Electric Charge    Tloc/Air       26%        N/A       43%         4
 Arcjolt                  Conj/Air       1%         1d11      99%         5
 Plasma Beam              Fire/Air       1%         2x1d11    100%        6


Dungeon Overview and Level Annotations

Branches:
Dungeon (6/15)             Temple (1/1) D:5

Altars:
Ashenzari
Dithmenos
Elyvilon
Fedhas
Gozag
Hepliaklqana
Kikubaaqudgha
Makhleb
Okawaru
Qazlal
Ru
Sif Muna
Trog
Uskayaw
Wu Jian
Xom
Yredelemnul
Zin
The Shining One

Annotations:
D:3 1 runed translucent door
D:6 exclusion: oklob plant


Innate Abilities, Weirdness & Mutations

You are too large for most types of armour.
You have a pair of small horns on your head.
You have tough skin. (AC +1)
You gain doubled healing and magic from potions.
Whenever you drink a healing potion, you attack all around you.


Message History

You hit the jelly.
Your hands burn!
The jelly is severely wounded.
The jelly is distracted by your dazzling golden aura.
The jelly quivers.
You puncture the jelly!
You kill the jelly!
The jelly closely misses you.
You hit the jelly.
Your hands burn!
Your headbutt misses the jelly.
The jelly is moderately wounded.
The jelly hits you.
You are splashed with acid!
You bludgeon the jelly!!
You kill the jelly!
Your Translocations skill increases to level 6!
You hit the jelly.
Your hands burn!
The jelly is lightly wounded.
The jelly hits you.
You are splashed with acid.
* * * LOW HITPOINT WARNING * * *
You hit the jelly. The acid corrodes you!
Your hands burn!
* * * LOW HITPOINT WARNING * * *
The jelly is moderately wounded.
The jelly is distracted by your dazzling golden aura.
You barely miss the jelly.
The jelly is no longer distracted by gold.
The jelly quivers.
The jelly is moderately wounded.
The jelly barely misses you. The jelly hits you.
* * * LOW HITPOINT WARNING * * *
You are splashed with acid!
* * * LOW HITPOINT WARNING * * *
As you read the scroll labelled KUTTEBBIOLO, it crumbles to dust.
You feel strangely unstable.
It was a scroll of teleportation.
The jelly hits you.
* * * LOW HITPOINT WARNING * * *
You are splashed with acid!
* * * LOW HITPOINT WARNING * * *
The jelly hits you.
* * * LOW HITPOINT WARNING * * *
You are splashed with acid!
You die...
Your body crumbles into a pile of gold.

## ##..........## .#
#..........## .##
###........# ..##
##.....#..## ...#
#.....##...####
...##
#.....##......#
....##
#.....#.....###
.....##
##......J.####
......## #......@JJ#
.......###.....###J#
...............# #$#
##.............#


PJ. ####....####..##.JP# #.....## #.#JJJJJ ##......# .#JJPJJ# ###.......#
.#P.J.P# ##...#....# ##.J.## You could see 2 jellies and 2 endoplasms.

Vanquished Creatures
  Pikel (D:5)
  Edmund (D:4)
  The ghost of zenocrate the Sneak, an amateur VSEE (D:4)
  A sky beast (D:6)
  An orc warrior (D:6)
  A black bear (D:5)
  An ogre (D:5)
  A lemure (D:5)
  2 kobold brigands (D:6)
  A phantom (D:5)
  A bullfrog (D:6)
  Blork the orc (D:4)
  5 scorpions
  A gnoll sergeant (D:5)
  4 jellies (D:6)
  A bombardier beetle (D:5)
  An orc priest (D:6)
  2 hounds
  A sleepcap (D:6)
  Ijyb (D:4)
  3 iguanas
  2 orc wizards (D:5)
  12 adders
  14 gnolls
  2 white imps
  A dart slug (D:2)
  9 orcs
  7 bats
  9 endoplasms
  A giant cockroach (D:1)
  5 goblins
  8 hobgoblins
  4 jackals (D:4)
  19 kobolds
  4 quokkas
  2 ball pythons
  2 frilled lizards
  A jackal zombie (D:3)
  2 rats (D:3)
136 creatures vanquished.

Notes
Turn   | Place    | Note
-------+----------+-------------------------------------------
     0 | D:1      | Aldia the Oni Warper began the quest for the Orb.
     0 | D:1      | Reached XP level 1. HP: 22/22 MP: 3/3
    67 | D:1      | Reached XP level 2. HP: 31/31 MP: 5/5
    81 | D:1      | Learned a level 2 spell: Blink
   446 | D:1      | Reached skill level 3 in Maces & Flails
   446 | D:1      | Reached XP level 3. HP: 36/37 MP: 6/6
   911 | D:2      | Reached XP level 4. HP: 48/48 MP: 7/7
  1528 | D:3      | Reached skill level 4 in Maces & Flails
  1528 | D:3      | Reached XP level 5. HP: 54/54 MP: 9/9
  1570 | D:3      | Learned a level 2 spell: Lesser Beckoning
  1827 | D:3      | Found a runed translucent door.
  1827 | D:3      | Noticed a human
  1829 | D:3      | Found a basalt altar of Yredelemnul.
  1974 | D:3      | Found a faded altar of an unknown god.
  2582 | D:4      | Noticed Ijyb
  2596 | D:4      | Killed Ijyb
  2598 | D:4      | Reached XP level 6. HP: 57/65 MP: 10/10
  2681 | D:4      | Found a runed translucent door.
  2681 | D:4      | Noticed zenocrate's ghost (amateur VSEE)
  2788 | D:4      | Found a hide-covered altar of Uskayaw.
  2794 | D:4      | Noticed Edmund
  2816 | D:4      | Killed Edmund
  2817 | D:4      | Reached skill level 5 in Fighting
  2817 | D:4      | Reached skill level 5 in Maces & Flails
  3288 | D:4      | Noticed Blork the orc
  3298 | D:4      | Killed Blork the orc
  3299 | D:4      | Reached XP level 7. HP: 44/72 MP: 11/11
  3591 | D:4      | Learned a level 3 spell: Teleport Other
  3596 | D:4      | Learned a level 4 spell: Manifold Assault
  3604 | D:4      | Killed zenocrate's ghost
  3699 | D:5      | Entered Level 5 of the Dungeon
  3703 | D:5      | Reached skill level 6 in Maces & Flails
  4104 | D:5      | Reached XP level 8. HP: 79/84 MP: 12/12
  4167 | D:5      | Noticed Pikel
  4188 | D:5      | Killed Pikel
  4189 | D:5      | Reached skill level 7 in Maces & Flails
  4189 | D:5      | Reached skill level 5 in Translocations
  4763 | D:5      | Reached skill level 8 in Maces & Flails
  5201 | D:5      | Found a staircase to the Ecumenical Temple.
  5234 | Temple   | Entered the Ecumenical Temple
  5251 | Temple   | Became a worshipper of Gozag Ym Sagoz the Greedy
  5308 | D:6      | Reached XP level 9. HP: 90/96 MP: 13/13
  5850 | D:6      | Found a basalt altar of Yredelemnul.
  5852 | D:6      | Found a shadowy altar of Dithmenos.
  5852 | D:6      | Found a glowing silver altar of Zin.
  5879 | D:6      | Found a sacrificial altar of Ru.
  5879 | D:6      | Found an opulent altar of Gozag.
  5879 | D:6      | Found a shimmering altar of Xom.
  6187 | D:6      | Found a burning altar of Makhleb.
  6270 | D:6      | Reached skill level 9 in Maces & Flails
  6600 | D:6      | Noticed an oklob plant
  6615 | D:6      | HP: 4/97 [acid (7)]
  6615 | D:6      | Splashed by a jelly's acid

Illustrated notes

Levels and vault maps discovered:
D:1:      reono_arrival_forest_river, layout_rooms
D:2:      layout_rooms
D:3:      layout_basic, dk_yredelemnul_ordeal, hellmonk_ecumenical_altar_blasted
D:4:      layout_basic, mainiacjoe_overflow_boulevard,
          hellmonk_ghost_happy_afterlife, uniq_blork_the_orc, uniq_ijyb,
          uniq_edmund
D:5:      layout_rooms, minmay_temple_entry_nine_rooms, supply_closet_lemuel,
          uniq_pikel
D:6:      lemuel_slime, layout_layer_cave, doesnt_xom_only_xom,
          mainiacjoe_overflow_cross_hatched
Temple:   nicolae_temple_no_exploring_needed

Skill      XL: |  1  2  3  4  5  6  7  8  9 |
---------------+----------------------------+-----
Fighting       | 3 4 5 6 7 8 |  8.7
Maces & Flails | 3 4 5 6 8 9 |  9.2
Spellcasting   | 3 |  3.0
Translocations | 3 4 5 6 |  6.0
Throwing       | |  1.0
Dodging        | |  2.1

Action                     |  1- 3 |  4- 6 |  7- 9 || total
---------------------------+-------+-------+-------++-------
  Melee: Mace              |   113 |       |       ||   113
         Headbutt          |    12 |    25 |    17 ||    54
         Whip              |       |   131 |       ||   131
         Dire flail        |       |       |   164 ||   164
   Cast: Blink             |     1 |     1 |     1 ||     3
         Manifold Assault  |       |       |     3 ||     3
    Use: Scroll            |       |     3 |     4 ||     7
         Potion            |       |     2 |     1 ||     3
 Armour: Robe              |    81 |    87 |   139 ||   307
         Skin              |       |       |    23 ||    23
  Dodge: Dodged            |    47 |    63 |    90 ||   200

Table legend: (Time is in decaauts)
 A = Elapsed time spent in this place.
 B = Non-inter-level travel time spent in this place.
 C = Inter-level travel time spent in this place.
 D = Time resting spent in this place.
 E = Time spent auto-exploring this place.
 F = Levels seen in this place.
 G = Mean time per level.
                   A        B        C        D        E       F      G
               +--------+--------+--------+--------+--------+-----+--------+
         Total |   6700 |   6427 |    273 |    530 |   4533 |   7 |  957.1 |
       Dungeon |   6675 |   6419 |    256 |    530 |   4533 |   6 | 1112.5 |
        Temple |     24 |      7 |     17 |      0 |      0 |   1 |   24.0 |
               +--------+--------+--------+--------+--------+-----+--------+

Top non-repeatable levels by time:
     D:5: 1505 daAuts
     D:6: 1341 daAuts
     D:4: 1246 daAuts
     D:3: 1062 daAuts
     D:2: 808 daAuts
     D:1: 712 daAuts
  Temple: 24 daAuts
